 Dungeon Crawl Stone Soup version 0.31-a0-175-g9f7f995f2b (webtiles) character file.

Game seed: 10136368036980815164

95 qw the Shooter (level 4, -14/28 HPs)
             Began as a Gargoyle Hunter on June 17, 2023.
             Demolished by a cyclops (glowing shapeshifter) (30 damage)
             ... on level 3 of the Dungeon.
             The game lasted 00:00:39 (2032 turns).

qw the Shooter (Gargoyle Hunter)                    Turns: 2032, Time: 00:00:39

Health: -14/28     AC: 11    Str: 15    XL:     4   Next: 65%
Magic:  4/4        EV: 11    Int:  9    God:
Gold:   77         SH:  0    Dex: 21    Spells: 3/3 levels left

rFire   + . .        Y - +1 shortbow (chaos)
rCold   . . .        (shield currently unavailable)
rNeg    + . .        e - +0 ring mail
rPois   inf          (no helmet)
rElec   +            b - +0 cloak
rCorr   .            l - +0 pair of gloves
SInv    .            a - +0 pair of boots
Will    .....        (no amulet)
Stlth   +            f - ring of protection from fire
HPRegen 0.24/turn    j - +6 ring of dexterity
MPRegen 0.09/turn

%: no passive effects
@: no status effects
A: sickness immunity, AC +3, negative energy resistance 1, electricity
resistance, torment resistance 1, petrification resistance
a: no special abilities


You were on level 3 of the Dungeon.
You visited 1 branch of the dungeon, and saw 3 of its levels.

You collected 77 gold pieces.


Innate Abilities, Weirdness & Mutations

You are immune to sickness and miasma.
Your stone body is resilient. (AC +3)
You are immune to poison.
You resist negative energy. (rN+)
You are resistant to electric shocks. (rElec)
You are resistant to unholy torment.
You are immune to petrification.


   Skills:
 - Level 3.1 Fighting
 + Level 5.4 Ranged Weapons
 - Level 1.0 Armour
 - Level 1.5 Dodging
 - Level 1.1 Stealth


You had 3 spell levels left.
You didn't know any spells.
Your spell library was empty.

Inventory:

Hand Weapons
 Y - a +1 shortbow of chaos (weapon)
Armour
 a - a +0 pair of boots (worn)
 b - a +0 cloak (worn)
 e - a +0 ring mail (worn)
 l - a +0 pair of gloves (worn)
Jewellery
 f - a ring of protection from fire (left hand)
 j - a +6 ring of dexterity (right hand)
Scrolls
 d - a scroll of revelation {unknown}
Potions
 c - a potion of brilliance {unknown}
 g - a potion of attraction {unknown}
 i - a potion of enlightenment {unknown}
 m - a potion of degeneration {unknown}
 o - a potion of resistance
 p - a potion of curing {unknown}

Dungeon Overview and Level Annotations

Branches:
Dungeon (3/15)

Altars:


Message History

You see here a hobgoblin corpse.
A giant cockroach comes into view.
You shoot an arrow.
The arrow hits the giant cockroach but does no damage.
The giant cockroach is poisoned.
You kill the giant cockroach!
A quokka comes into view.
You see here a giant cockroach corpse.
You shoot an arrow. The arrow barely misses the quokka.
You shoot an arrow. The arrow barely misses the quokka.
You shoot an arrow.
The arrow hits the quokka but does no damage.
The quokka changes into a glowing shapeshifter!
The glowing shapeshifter changes into a manticore!
You shoot an arrow. The arrow hits the manticore!
You drain the manticore.
The manticore is moderately wounded.
You shoot an arrow. The arrow hits the manticore!
The manticore is poisoned.
The manticore is heavily wounded.
The manticore flicks its tail.
The volley of spikes hits you!
The barbed spikes become lodged in your body.
Ouch! That really hurt!
You shoot an arrow. The arrow hits the manticore!
The manticore is severely wounded.
The manticore changes into a dream sheep!
You shoot an arrow.
The arrow barely misses the dream sheep.
The dream sheep changes into a cyclops!
You shoot an arrow.
The arrow completely misses the cyclops.
You shoot an arrow. The arrow hits the cyclops.
The cyclops is lightly wounded.
You shoot an arrow.
The arrow hits the cyclops but does no damage.
The cyclops seems to grow stronger.
The cyclops is lightly wounded.
You carefully extract the barbed spikes from your body.
The cyclops hits you!!
Ouch! That really hurt!
You die...

#### ##### ...
##...##.##
##########.........#
#......%.......#.#.#.#
#.########.....#.....##
#.# ##...#@C......
##.#######
#####.#######
....<..... #.#
###.####.. #.. ###=#
... ....# ...# ##..#
##.# .# .# ##


You could see a cyclops shaped shifter (strong).

Vanquished Creatures
  Jessica (D:2)
  2 adders (D:2)
  3 worms (D:2)
  A dart slug (D:1)
  5 ball pythons
  3 bats
  3 endoplasms
  A giant cockroach (D:3)
  3 goblins
  4 hobgoblins
  3 quokkas
  2 frilled lizards (D:2)
  3 kobolds
  7 rats
41 creatures vanquished.

Notes
Turn   | Place    | Note
-------+----------+-------------------------------------------
     0 | D:1      | qw the Gargoyle Hunter began the quest for the Orb.
     0 | D:1      | Reached XP level 1. HP: 12/12 MP: 1/1
     0 | D:1      | 0 ||| qw: Version: 0.3-a-2-g5ab2908
     0 | D:1      | 0 ||| qw: Game counter: 273
     0 | D:1      | 0 ||| qw: Always use a shield: true
     0 | D:1      | 0 ||| qw: God list: Okawaru
     0 | D:1      | 0 ||| qw: Allow faded altars: false
     0 | D:1      | 0 ||| qw: Do Orc after D:15 true
     0 | D:1      | 0 ||| qw: Do second Lair branch before Depths: true
     0 | D:1      | 0 ||| qw: Lair rune preference: random
     0 | D:1      | 0 ||| qw: Plans: Normal, Zot:1-4, Slime:5, God:TSO, Crypt,
                  | Tomb, Abyss, Pan, Hells, Win
     0 | D:1      | 0 ||| PLANNING D:1-11
   101 | D:1      | Reached XP level 2. HP: 17/17 MP: 2/2
   866 | D:1      | 866 ||| UPGRADING to +0 ring mail.
   876 | D:1      | 876 ||| DROPPING +0 leather armour.
   877 | D:1      | 877 ||| UPGRADING to ring of protection from fire.
   878 | D:1      | 878 ||| DROPPING ring of flight.
   879 | D:1      | 879 ||| UPGRADING to +6 ring of dexterity.
   880 | D:1      | 880 ||| READING 3 scrolls labelled CIBBET JAOR.
   881 | D:1      | 881 ||| READING scroll labelled SUNEM WASEATALI.
   882 | D:1      | 882 ||| DROPPING 2 scrolls of amnesia.
   883 | D:1      | 883 ||| DROPPING scroll of butterflies.
  1110 | D:2      | Reached skill level 1 in Armour
  1119 | D:2      | Reached XP level 3. HP: 13/21 MP: 3/3
  1276 | D:2      | Reached skill level 5 in Ranged Weapons
  1309 | D:2      | Noticed Jessica
  1313 | D:2      | Killed Jessica
  1314 | D:2      | Reached skill level 3 in Fighting
  1314 | D:2      | Reached XP level 4. HP: 26/28 MP: 4/4
  1389 | D:2      | Found a faded altar of an unknown god.
  1920 | D:2      | 1920 ||| UPGRADING to +0 pair of boots.
  1925 | D:2      | 1925 ||| UPGRADING to +0 cloak.
  1930 | D:2      | 1930 ||| UPGRADING to +0 pair of gloves.
  1935 | D:2      | 1935 ||| DROPPING +6 ring of intelligence.
  1936 | D:2      | 1936 ||| READING scroll labelled UTEDAS VEFYTI.
  1939 | D:2      | 1939 ||| READING scroll labelled ERPHAT MIUPYLAM.
  1940 | D:2      | 1940 ||| READING scroll labelled TESEGGUMAFF.
  1941 | D:2      | 1941 ||| DRINKING 2 coppery potions.
  2025 | D:3      | a quokka changed into a glowing shapeshifter
  2025 | D:3      | Noticed a glowing shapeshifter (glowing shapeshifter)
  2025 | D:3      | a glowing shapeshifter changed into a manticore
  2025 | D:3      | Noticed a manticore (glowing shapeshifter)
  2028 | D:3      | a manticore changed into a dream sheep
  2028 | D:3      | Noticed a dream sheep (glowing shapeshifter)
  2029 | D:3      | a dream sheep changed into a cyclops
  2029 | D:3      | Noticed a cyclops (glowing shapeshifter)
  2032 | D:3      | Demolished by a cyclops (glowing shapeshifter)

Levels and vault maps discovered:
D:1:      nagdon_arrival_double_spiral, layout_loops_corners,
          chequers_serial_rivers_micro_b, chequers_serial_rivers_micro_a,
          kennysheep_boxes
D:2:      layout_loops_corners, shapermc_ecumenical_altar_mp_urbaneastern,
          kennysheep_generic_room_6, uniq_jessica
D:3:      layout_loops_ring, lemuel_tele_altar, overflow_temple_1_default,
          lemuel_doored_altar, minitemple, nicolae_overflow_hidden_temple

Skill      XL: |  1  2  3 |
---------------+----------+-----
Armour         | 1 |  1.0
Ranged Weapons | 5 |  5.4
Fighting       | 3 |  3.1
Dodging        | |  1.5
Stealth        | |  1.1

Action                     |  1- 3 |  4- 6 || total
---------------------------+-------+-------++-------
   Fire: Shortbow          |    73 |    52 ||   125
    Use: Scroll            |     2 |     3 ||     5
         Potion            |       |     1 ||     1
 Armour: Leather armour    |     2 |       ||     2
         Ring mail         |     3 |     6 ||     9
  Dodge: Dodged            |    10 |     4 ||    14

Table legend:
 A = Non-vault XP
 B = Vault XP
 C = Vault XP percentage of total XP
 D = Non-vault monster count
 E = Vault monster count
 F = Vault count percentage of total count
                 A         B        C        D         E       F
            +---------+---------+-------+---------+---------+-------
      Total |      93 |      43 |  31.6 |      39 |       2 |   4.9
            +---------+---------+-------+---------+---------+-------
        D:1 |      24 |       0 |   0.0 |      13 |       0 |   0.0
        D:2 |      60 |      43 |  41.7 |      21 |       2 |   8.7
        D:3 |       9 |       0 |   0.0 |       5 |       0 |   0.0
            +---------+---------+-------+---------+---------+-------
